Map: Base du roi Sejong EC

Players

zidar

  • Race: Zerg Zerg
  • League: Gold
  • Spawn Location: 11:00

Pukiente - Winner!

  • Race: Protoss Protoss
  • League: Gold
  • Spawn Location: 5:00

VOD

Have the link to the VOD?

Description

Time

  • Played on: June 15, 2016, 11:43 a.m.
  • Length: 15:20
Show
View Real Time Build Order
Export as new Build Order

zidar Zerg 

Build Orders: Pool First 

Get SALT Encoding   

  12  0:02  Drone  
  13  0:12  Overlord  
  13  0:18  Drone  
  14  0:30  Drone x2  
  16  0:43  Spawning Pool  
  16  0:45  Drone  
  16  1:09  Hatchery  
  15  1:12  Drone  
  15  1:15  Extractor  
  15  1:17  Drone  
  16  1:30  Queen  
  18  1:39  Overlord  
  18  1:41  Drone  
  19  1:50  Zergling x2  
  20  2:00  Overlord  
  20  2:07  Queen  
  22  2:23  Zergling x8  
  26  2:31  Metabolic Boost  
  26  2:41  Zergling x4  
  28  2:52  Drone x3  
  28  2:55  Drone  
  31  3:15  Roach Warren  
  26  3:45  Drone x2  
  26  3:46  Drone x9  
  35  4:03  Extractor, Drone  
  35  4:10  Drone x2  
  35  4:12  Drone x2  
  35  4:15  Overlord x2  
  39  4:28  Pneumatized Carapace  
  39  4:31  Zergling x8  
  43  4:38  Lair  
  43  4:46  Drone x4  
  43  4:47  Extractor  
  43  4:48  Extractor  
  43  4:50  Drone x2  
  47  4:57  Overlord  
  47  5:43  Hatchery  
  47  5:48  Roach x7  
  60  5:51  Overlord x4  
  60  6:05  Hydralisk Den  
  60  6:06  Evolution Chamber  
  60  6:08  Evolution Chamber  
  56  6:26  Drone x6  
  56  6:31  Drone x3  
  56  6:32  Drone  
  66  6:36  Queen  
  68  6:44  Zerg Ground Armor Level 1  
  68  6:45  Zerg Melee Weapons Level 1  
  68  6:48  Zergling x14  
  75  7:07  Muscular Augments  
  75  7:09  Hydralisk x3  
  75  7:11  Queen  
  75  7:14  Drone x3  
  75  7:15  Drone  
  87  7:27  Hatchery  
  86  7:33  Drone x2  
  86  7:37  Drone x4  
  92  8:14  Hatchery  
  90  8:38  Zerg Ground Armor Level 2, Infestation Pit  
  90  8:40  Zerg Melee Weapons Level 2  
  89  8:42  Hydralisk  
  89  8:43  Hydralisk x5  
  89  8:44  Hydralisk  
  89  8:45  Zergling x2  
  104  8:48  Overlord x2  
  104  8:49  Overlord x3  
  104  8:53  Glial Reconstitution  
  104  8:57  Lurker Den  
  104  9:29  Drone x7  
  104  9:30  Drone  
  112  9:31  Drone  
  112  9:32  Drone x3  
  112  9:33  Drone x3  
  119  9:42  Hydralisk x6  
  119  9:43  Zergling x2  
  126  10:51  Overlord x10  
  126  10:55  Hydralisk x11  
  126  10:56  Zergling x4  
  150  11:01  Hatchery, Hive  
  149  11:04  Zerg Missile Weapons Level 1  
  149  11:14  Zergling x22  
  149  11:15  Zergling x2  
  158  11:56  Overseer x3  
  158  11:57  Overseer  
  158  11:59  Hydralisk x16  
  158  12:00  Hydralisk x8  
  199  12:07  Spire  
  193  12:29  Extractor x2  
  191  12:37  Hydralisk x4  
  187  14:12  Viper x3  
Show
View Real Time Build Order
Export as new Build Order

Pukiente Protoss - Winner!

Build Orders: 1 Gate Expand, Carriers 

Get SALT Encoding   

  12  0:01  Probe (Chrono Boost)  
  13  0:11  Probe (Chrono Boost)  
  14  0:17  Pylon  
  14  0:22  Probe (Chrono Boost)  
  15  0:35  Gateway  
  15  0:38  Probe (Chrono Boost)  
  16  0:48  Probe (Chrono Boost)  
  17  1:11  Nexus  
  17  1:18  Assimilator  
  17  1:25  Cybernetics Core  
  17  1:30  Probe (Chrono Boost)  
  18  1:34  Assimilator  
  18  1:44  Probe (Chrono Boost)  
  19  1:55  Probe (Chrono Boost)  
  19  1:57  Pylon  
  20  2:06  Probe (Chrono Boost)  
  21  2:17  Mothership Core (Chrono Boost)  
  21  2:20  Adept  
  25  2:28  Pylon  
  25  2:29  Probe (Chrono Boost)  
  26  2:35  Probe (Chrono Boost), Warp Gate (Chrono Boost)  
  27  2:40  Probe (Chrono Boost)  
  28  2:46  Probe (Chrono Boost)  
  28  2:47  Adept  
  28  2:50  Probe (Chrono Boost)  
  32  2:59  Probe (Chrono Boost)  
  33  3:10  Probe  
  34  3:13  Probe  
  34  3:14  Gateway x2  
  35  3:20  Probe  
  35  3:21  Adept  
  35  3:26  Probe  
  36  3:38  Probe  
  37  3:49  Probe  
  37  3:53  Probe  
  37  3:54  Stalker  
  41  3:59  Probe  
  42  4:05  Probe, Stalker  
  42  4:06  Pylon  
  42  4:07  Assimilator  
  45  4:10  Probe  
  45  4:14  Stalker  
  48  4:18  Probe  
  48  4:20  Probe  
  50  4:31  Probe  
  50  4:37  Stargate  
  51  4:39  Protoss Air Weapons Level 1 (Chrono Boost)  
  51  4:42  Stargate  
  51  4:43  Pylon  
  51  4:49  Probe  
  52  4:53  Probe  
  52  4:54  Assimilator  
  53  5:00  Probe  
  53  5:05  Probe  
  55  5:10  Probe  
  56  5:16  Stalker x3  
  56  5:17  Probe  
  56  5:20  Nexus  
  63  5:35  Pylon  
  63  5:38  Void Ray, Pylon  
  67  5:53  Void Ray, Probe  
  67  5:55  Probe  
  73  6:02  Stalker x2  
  77  6:04  Probe  
  77  6:07  Probe  
  79  6:19  Probe, Stalker  
  79  6:22  Gateway  
  79  6:23  Void Ray  
  86  6:28  Protoss Air Armor Level 1 (Chrono Boost)  
  86  6:32  Probe  
  87  6:35  Probe x2  
  89  6:41  Assimilator  
  89  6:44  Probe  
  89  6:45  Void Ray, Probe x2  
  96  6:56  Probe  
  96  6:57  Probe, Forge  
  96  7:00  Forge  
  98  7:07  Probe  
  98  7:14  Probe  
  100  7:18  Probe  
  101  7:23  Assimilator  
  101  7:32  Pylon  
  101  7:33  Pylon  
  101  7:38  Pylon  
  101  7:39  Pylon  
  101  7:41  Pylon  
  101  7:42  Pylon  
  101  7:49  Probe  
  101  7:50  Void Ray  
  106  7:53  Protoss Ground Weapons Level 1, Protoss Shields Level 1  
  106  7:54  Pylon  
  106  7:57  Adept x3  
  106  7:58  Adept  
  112  7:59  Probe  
  113  8:10  Fleet Beacon  
  113  8:14  Probe  
  113  8:15  Stargate, Oracle  
  113  8:18  Stargate  
  117  8:21  Pylon  
  117  8:26  Probe  
  116  8:32  Oracle  
  119  8:42  Pylon  
  119  8:44  Pylon  
  119  8:47  Stalker x2  
  119  8:48  Stalker x2  
  127  8:51  Gateway  
  127  8:53  Protoss Air Weapons Level 2 (Chrono Boost)  
  127  9:00  Gateway  
  127  9:02  Gateway  
  127  9:04  Gateway  
  127  9:09  Probe, Graviton Catapult  
  134  9:22  Nexus  
  134  9:24  Carrier (Chrono Boost)  
  146  9:49  Mothership  
  146  9:55  Carrier (Chrono Boost)  
  146  10:05  Carrier (Chrono Boost)  
  158  10:24  Pylon  
  155  10:29  Pylon x2  
  155  10:31  Pylon  
  155  10:34  Stalker x3  
  167  10:40  Carrier x2 (Chrono Boost)  
  167  10:48  Assimilator  
  167  10:49  Probe  
  167  10:52  Assimilator  
  167  10:56  Photon Cannon  
  168  10:57  Photon Cannon  
  168  10:59  Photon Cannon  
  168  11:00  Probe  
  175  11:10  Probe  
  176  11:21  Probe, Carrier (Chrono Boost)  
  183  11:31  Probe  
  183  11:39  Twilight Council  
  190  11:42  Probe, Protoss Ground Armor Level 1  
  191  11:53  Probe  
  191  11:56  Carrier (Chrono Boost)  
  192  12:05  Carrier (Chrono Boost)  
  198  12:16  Probe  
  199  12:25  Carrier (Chrono Boost)  
  199  12:26  Probe  
  200  12:36  Protoss Air Weapons Level 3  
  200  12:51  Nexus  
  200  12:53  Pylon  
  200  12:54  Pylon  
  200  12:56  Pylon  
  200  13:02  Nexus  
  200  13:05  Pylon  
  200  13:06  Pylon  
  200  13:08  Pylon  
  200  13:16  Blink  
  200  13:18  Pylon  
  200  13:20  Pylon  
  200  13:22  Pylon  
  199  14:11  Nexus  
  199  14:14  Pylon  
  199  14:15  Pylon  
  199  14:17  Pylon  
  199  14:20  Pylon  
  199  14:30  Photon Cannon  
  199  14:34  Photon Cannon  
  199  14:35  Photon Cannon  
  199  14:40  Photon Cannon  
  199  14:42  Photon Cannon  
  199  14:44  Photon Cannon  
  199  14:46  Photon Cannon  
  199  14:48  Photon Cannon  
  199  14:53  Pylon  
  199  14:54  Pylon  
  199  14:56  Photon Cannon, Pylon  
  199  14:58  Photon Cannon, Assimilator  
  199  15:00  Photon Cannon  
  199  15:03  Photon Cannon, Assimilator  
Tags
 
Add a new tag
Caveats
  • Supply blocks, unpowered buildings, or Contaminate may cause inaccurate times.
  • Supply counts are checked every 10 seconds.